 Dungeon Crawl Stone Soup version 0.29-a0-557-g43b9904bd1 (webtiles) character file.

Game seed: 17646988186005733563

28 testman the Covered (level 3, -4/26 HPs)
             Began as a Meteoran Wanderer on June 8, 2022.
             Was a Follower of Jiyva.
             Killed by nerve-wracking pain
             ... invoked by an orc priest
              (10 damage)
             ... on level 3 of the Dungeon.
             The game lasted 00:04:19 (611 turns).

testman the Covered (Meteoran Wanderer)              Turns: 611, Time: 00:04:20

Health: -4/26      AC:  6    Str: 13    XL:     3   Next: 47%
Magic:  6/6        EV: 11    Int: 17    God:    Jiyva [*.....]
Gold:   46         SH:  0    Dex: 12    Spells: 0/4 levels left

rFire   . . .      SeeInvis .   a - +2 hand axe
rCold   . . .      Faith    .   (no shield)
rNeg    . . .      Spirit   .   b - +0 ring mail
rPois   .          Reflect  .   (no helmet)
rElec   .          Harm     .   (no cloak)
rCorr   .          Rampage  .   (no gloves)
Will    .....                   (no boots)
Stlth   +.........              (no amulet)
HPRegen 0.88/turn               e - ring of flight
MPRegen 0.35/turn               (no ring)

@: flying, glowing
A: sense surroundings 1, otherworldly, glowing, explore regen
a: Renounce Religion


You were on level 3 of the Dungeon.
You worshipped Jiyva.
Jiyva was aware of your devotion.
You visited 1 branch of the dungeon, and saw 3 of its levels.

You collected 46 gold pieces.

Inventory:

Hand Weapons
 a - a +2 hand axe (weapon)
 j - a +0 morningstar
Missiles
 f - 6 atropa-tipped darts
 h - 6 poisoned darts
Armour
 b - a +0 ring mail (worn)
Jewellery
 e - a ring of flight (left hand)
Scrolls
 d - 2 scrolls of teleportation {unknown}
 g - a scroll of fog {unknown}
 i - a scroll of noise {unknown}
Potions
 c - a potion of attraction


   Skills:
 + Level 0.0 Fighting
 - Level 2.4 Axes
 - Level 4.8 Armour
 - Level 2.4 Dodging
 - Level 1.3 Spellcasting
 + Level 3.3 Necromancy


You couldn't memorise any spells.
You knew the following spells:

 Your Spells              Type           Power      Damage    Failure   Level
a - Necrotize             Necr           48%        1d6       11%         1
b - Vampiric Draining     Necr           12%        2d6       32%         3

Your spell library contained the following spells:

 Spells                   Type           Power      Damage    Failure   Level


Dungeon Overview and Level Annotations

Branches:
Dungeon (3/15)

Altars:
Jiyva

Shops:
D:3 (


Innate Abilities, Weirdness & Mutations

You passively map a small area around you.
You are easily found by Zot.
You glow in the dark.
You regain HP and MP as you explore.


Message History

The orc writhes in agony.
You kill the orc!
The dead are walking!
The orc hits your orc skeleton with a +0 whip.
Your orc skeleton barely misses the orc.
The orc hits your orc skeleton with a +0 whip.
Your orc skeleton is destroyed!
Aiming: Necrotize (safe; 12% risk of failure)
Press: ? - help, Q - select action, (/) - cycle Shift-Dir - straight line, f - orc
Aim: an orc, wielding a +0 whip (chance to affect: 80%)
The orc writhes in agony.
You slash the orc!
You kill the orc!
You slash the orc!
You kill the orc!
Items here: )))) ††.
j - a +0 morningstar You now have 46 gold pieces (gained 12).
This spell is extremely dangerous to cast!
Memorise Vampiric Draining, consuming 3 spell levels and leaving 0?
You start memorising the spell.
You continue memorising. x3
You finish memorising.
Spell assigned to 'b'.
An orc priest comes into view. It is wielding a +0 flail.
The orc priest shouts!
The orc priest calls down the wrath of Beogh upon you.
Beogh smites you!
Ouch! That really hurt!
As you open the door, it creaks loudly!
Found a stone staircase leading down.
The orc priest barely misses you.
You hit the orc priest.
The orc priest is heavily wounded.
The orc priest hits you with a +0 flail.
You slash the orc priest!
The orc priest is almost dead.
The orc priest hits you with a +0 flail.
* * * LOW HITPOINT WARNING * * *
The orc priest mumbles some strange prayers to Beogh against you.
Pain shoots through your body!
You die...

,, , ,* #.#
#.#.# , ,
##.###.###
#.#.#
#........#
#.#.#
###.##.#.#
#.#.# *
*..#.#.#
###...#
#.#.#.#
#..†8.#
#.#.#)#
#.#...###
#######o#.#.#
#.8<∩.8.#
#......@..#.#
###.....#
#.........#.#
#.8..##
#.........#.#
#...##
#######'#.#.#
#.#.# #...#.#
#.#.# ##..#.#
#.#.# ..#.#
#.#.# #..#.#
#.#.# ..#.#
###.#.#


You could see an orc priest.

Vanquished Creatures
  4 orcs (D:3)
  6 bats
  2 endoplasms (D:1)
  A goblin (D:3)
  4 hobgoblins
  A kobold (D:1)
  A frilled lizard (D:1)
  3 rats
22 creatures vanquished.

Vanquished Creatures (others)
  A kobold (D:2)
1 creature vanquished.

Grand Total: 23 creatures vanquished

Notes
Turn   | Place    | Note
-------+----------+-------------------------------------------
     0 | D:1      | testman the Meteoran Wanderer began the quest for the Orb.
     0 | D:1      | testman set off with the following items: a +2 hand axe, a
                  | +0 ring mail, a potion of attraction; and the following
                  | spell memorised: Necrotize; and the following spells
                  | available to memorise: Vampiric Draining
     0 | D:1      | Reached XP level 1. HP: 14/14 MP: 3/3
    77 | D:1      | Reached XP level 2. HP: 14/20 MP: 5/5
   215 | D:2      | Found a faded altar of an unknown god.
   218 | D:2      | Prayed at the altar of an unknown god.
   218 | D:2      | Became a worshipper of Jiyva Jefoof the Shapeless
   218 | D:2      | Reached * piety under Jiyva
   395 | D:2      | Reached XP level 3. HP: 26/26 MP: 4/6
   502 | D:3      | Found Sierunef's Weapon Shoppe.
   598 | D:3      | Learned a level 3 spell: Vampiric Draining
   611 | D:3      | Killed from afar by an orc priest

Illustrated notes

Levels and vault maps discovered:
D:1:      amcnicky_arrival_gap_in_the_tavern_cellar, layout_loops_ring
D:2:      layout_loops_ring, chequers_ecumenical_altar_simple, dk_noncrumbling_4
D:3:      layout_basic, mainiacjoe_overflow_catwalk, serial_shops,
          nicolae_shop_waterfront, nicolae_shop_statue_plus, feat_on_display

Skill      XL: |  1  2  3 |
---------------+----------+-----
Necromancy     | 2 3 |  3.3
Axes           | |  2.4
Armour         | |  4.8
Dodging        | |  2.4
Spellcasting   | |  1.3

Action                   || total
-------------------------++-------
Melee: Hand axe          ||    50
 Cast: Necrotize         ||     6
Armor: Ring mail         ||    22
Dodge: Dodged            ||    26

Table legend: (Time is in decaauts)
 A = Elapsed time spent in this place.
 B = Non-inter-level travel time spent in this place.
 C = Inter-level travel time spent in this place.
 D = Time resting spent in this place.
 E = Time spent auto-exploring this place.
 F = Levels seen in this place.
 G = Mean time per level.
                   A        B        C        D        E       F      G
               +--------+--------+--------+--------+--------+-----+--------+
         Total |    619 |    619 |      0 |    100 |    272 |   3 |  206.3 |
       Dungeon |    619 |    619 |      0 |    100 |    272 |   3 |  206.3 |
               +--------+--------+--------+--------+--------+-----+--------+

Top non-repeatable levels by time:
     D:2: 299 daAuts
     D:1: 207 daAuts
     D:3: 112 daAuts
